cohdb
Replays
Latest Replays
All Replays
Popular Replays
Top Player Replays
Match Explorer
How It Works
Community
CoH3 Stats
Reddit
Sign in to upload your games and track your stats! →
Sign in with Steam
Match 43960767
Unlisted
Match 43960767
Overview
Messages
Build Orders
End
Pioneer Squad
Construct Infanterie Kompanie
Selects Breakthrough Battlegroup
Selects Assault Grenadiers
Grenadier Squad
Grenadier Squad
Grenadier Squad
Construct Panzergrenadier Kompanie
Selects Breakthrough
251 Medium Carrier
Medical Bunker
Selects 2.5-tonne Cargo Truck
Pak 40 Anti-tank Gun Team
Pak 40 Anti-tank Gun Team
Selects Mechanized Assault Group
Panzergrenadier Officer Quarters
Mechanized Assault Group
bigcheese
std::shared_ptr<std::string>();
huaichen
rockkiller31
[DOOM INTENSIFIES]
ghey fish
0
0
Comments
sign in to comment!
No comments posted yet!